 Dungeon Crawl Stone Soup version 0.19-a0-1697-g0595f0e (webtiles) character file.

1225 Amnesiac the Geomancer (level 8, -5/41 HPs)
             Began as a Deep Elf Earth Elementalist on Sept 26, 2016.
             Slain by an orc
             ... wielding a +0 trident
              (12 damage)
             ... on level 6 of the Dungeon.
             The game lasted 00:07:17 (2839 turns).

Amnesiac the Geomancer (DEEE)                       Turns: 2839, Time: 00:07:17

Health: -5/41      AC:  7    Str:  5    XL:     8   Next: 23%
Magic:  9/19       EV: 13    Int: 21    God:
Gold:   222        SH:  0    Dex: 17    Spells: 4 memorised, 7 levels left

rFire  . . .     SeeInvis .     b - 31 stones
rCold  . . .     Gourm    .     c - +0 robe
rNeg   . . .     Faith    .     (no shield)
rPois  .         Spirit   .     p - -1 helmet
rElec  .         Dismiss  .     C - +2 cloak
rCorr  .         Reflect  .     v - +0 pair of gloves
MR     .....     Harm     .     (no boots)
Stlth  ++........               x - amulet of magic regeneration
                                (no ring)
                                (no ring)

@: very slightly contaminated
A: no striking features
a: no special abilities


You were on level 6 of the Dungeon.
You were not hungry.

You visited 2 branches of the dungeon, and saw 7 of its levels.

You collected 222 gold pieces.

Inventory:

Hand Weapons
 h - a +3 dagger of holy wrath
Missiles
 b - 31 stones (in hand)
 u - 2 throwing nets
Armour
 c - a +0 robe (worn)
 p - a -1 helmet (worn)
 v - a +0 pair of gloves (worn)
 C - a +2 cloak (worn)
Jewellery
 m - an uncursed amulet of dismissal
 o - an uncursed ring of ice
 x - an amulet of magic regeneration (around neck)
Wands
 B - a wand of paralysis (14/24)
Scrolls
 g - 3 scrolls of recharging
 q - 4 scrolls of identify
 y - a scroll of teleportation {unknown}
Potions
 j - a potion of beneficial mutation {unknown}
 k - a potion of lignification {unknown}
 l - a potion of invisibility {unknown}
 n - a potion of magic {unknown}
 r - 2 potions of berserk rage {unknown}
 s - a potion of haste {unknown}
 t - 2 potions of flight {unknown}
 w - a potion of might {unknown}
 z - a potion of heal wounds
 A - a potion of degeneration {unknown}
Books
 e - a book of Geomancy

   Spells                             Type                      Level
   a - Sandblast                      Earth                        1
   b - Passwall                       Transmutation/Earth          2
   c - Stone Arrow                    Conjuration/Earth            3
   d - Petrify                        Transmutation/Earth          4
   e - Lee's Rapid Deconstruction     Earth                        5
 i - Sif Muna's Tome of the Glacier
   (You found it on level 3 of the Dungeon)

   Spells                             Type                      Level
   a - Freeze                         Ice                          1
Comestibles
 a - a meat ration
 d - 7 bread rations
 f - a chunk of flesh


   Skills:
 - Level 2.4 Dodging
 - Level 2.4 Stealth
 - Level 6.1 Spellcasting
 - Level 4.0 Transmutations
 + Level 9.6 Earth Magic


You had 7 spell levels left.
You knew the following spells:

 Your Spells              Type           Power        Failure   Level  Hunger
a - Lee's Rapid Deconstr  Erth           #####.....   6%          5    #####..
e - Petrify               Tmut/Erth      #####...     8%          4    ####...
f - Sandblast             Erth           #####.       1%          1    None
v - Passwall              Tmut/Erth      #####.....   1%          2    None


Dungeon Overview and Level Annotations

Branches:
Dungeon (6/15)             Temple (1/1) D:4

Altars:
Cheibriados
Elyvilon
Fedhas
Kikubaaqudgha
Makhleb
Okawaru
Qazlal
Ru
Sif Muna
Vehumet
Xom
Yredelemnul
Zin


Message History

Wield which item (- for none, * to show all)? (? for menu, Esc to quit)
Your +3 dagger of holy wrath stops glowing.
b - 33 stones (in hand)
Casting: Sandblast
Confirm with . or Enter, or press ? or * to list all spells.
Aiming: Sandblast
Press: ? - help, Shift-Dir - straight line, f - orc
Aim: an orc, wielding a trident and wearing a leather armour The rocky blast hits the orc.
You kill the orc!
The orc closely misses you.
Casting: Sandblast
Confirm with . or Enter, or press ? or * to list all spells.
Aiming: Sandblast
Press: ? - help, Shift-Dir - straight line, f/p - orc
Aim: an orc, wielding a trident and wearing a leather armour The rocky blast hits the orc.
The orc is severely wounded.
The orc hits you from afar with a trident!
You die...

# .### ...## #...# #..#
####..## ####@)o...#
..###...###.. ###.
###<..#... #...##
#...#...## ##
#.##.###.o...#..##..
#.#......#..##......
####........##.##......
##>......o#$....#.....#
.....#..............##..


You could see an orc.

Vanquished Creatures
  Grinder (D:6)
  A phantom (D:6)
  3 ogres (D:5)
  A bullfrog (D:6)
  2 scorpions (D:5)
  A centaur zombie (D:5)
  A jelly (D:6)
  A centaur skeleton (D:5)
  An orc priest (D:5)
  7 orc wizards
  A worker ant (D:5)
  Natasha (thrice) (D:3)
  A hound skeleton (D:5)
  4 adders
  2 gnolls (D:2)
  3 oozes
  An adder skeleton (D:4)
  2 dart slugs
  3 leopard geckos
  11 orcs
  A giant cockroach (D:3)
  3 goblins
  3 hobgoblins (D:2)
  2 jackals (D:2)
  5 quokkas
  7 bats
  A frilled lizard (D:2)
  4 kobolds
  5 rats
81 creatures vanquished.

Notes
Turn   | Place    | Note
-------+----------+-------------------------------------------
     0 | D:1      | Amnesiac the Deep Elf Earth Elementalist began the quest for the Orb.
     0 | D:1      | Reached XP level 1. HP: 10/10 MP: 6/6
    73 | D:2      | Reached XP level 2. HP: 15/15 MP: 4/8
    79 | D:2      | Learned a level 2 spell: Passwall
   114 | D:2      | Found a white marble altar of Elyvilon.
   306 | D:4      | Found a staircase to the Ecumenical Temple.
   315 | Temple   | Entered the Ecumenical Temple
   404 | D:4      | Reached skill level 4 in Earth Magic
   495 | D:3      | Noticed Natasha
   498 | D:3      | Killed Natasha
   498 | D:3      | Reached XP level 3. HP: 19/19 MP: 7/10
   502 | D:3      | Noticed Natasha
   506 | D:3      | Killed Natasha
   506 | D:3      | Reached XP level 4. HP: 24/24 MP: 7/12
   578 | D:3      | Noticed Natasha
   582 | D:3      | Killed Natasha
   935 | D:2      | Found an iron altar of Okawaru.
   941 | D:2      | Learned a level 4 spell: Petrify
  1255 | D:2      | Reached XP level 5. HP: 28/28 MP: 10/13
  1445 | D:3      | Found a snail-covered altar of Cheibriados.
  1480 | D:3      | Found a deep blue altar of Sif Muna.
  1525 | D:3      | Identified Sif Muna's Tome of the Glacier
  1827 | D:4      | Reached skill level 5 in Earth Magic
  1928 | D:4      | Noticed a slave
  1948 | D:5      | Entered Level 5 of the Dungeon
  1988 | D:5      | Noticed an ogre
  1993 | D:5      | Killed an ogre
  1993 | D:5      | Reached skill level 6 in Earth Magic
  1993 | D:5      | Reached XP level 6. HP: 28/32 MP: 5/14
  2095 | D:5      | Reached skill level 7 in Earth Magic
  2135 | D:5      | Reached XP level 7. HP: 36/36 MP: 10/15
  2142 | D:5      | Learned a level 5 spell: Lee's Rapid Deconstruction
  2278 | D:5      | Reached skill level 5 in Spellcasting
  2389 | D:5      | Found a snail-covered altar of Cheibriados.
  2453 | D:5      | Reached skill level 8 in Earth Magic
  2798 | D:6      | Noticed Grinder
  2806 | D:6      | Killed Grinder
  2806 | D:6      | Reached skill level 9 in Earth Magic
  2806 | D:6      | Reached XP level 8. HP: 31/41 MP: 14/19
  2839 | D:6      | Slain by an orc

Vault maps used:
D:1:      lemuel_arrival_river_ford
D:2:      wad_woods_tower, overflow_temple_1_default, old_standard_altar,
          minmay_split_cup_large
D:3:      led_sif_book, first_bread, kennysheep_slug_shrine, uniq_natasha
D:4:      minmay_bisected, uniq_pikel
D:5:      lemuel_crystal_altar
D:6:      lemuel_upstairs_altar, grunt_temple_overflow_cloverleaf, uniq_grinder
Temple:   dpeg_three_leaves_temple

Skill      XL: |  1  2  3  4  5  6  7 |
---------------+----------------------+-----
Earth Magic    | 4 6 7 9 |  9.6
Spellcasting   | 4 6 |  6.1
Transmutations | 2 3 4 |  4.0
Dodging        | |  2.4
Stealth        | |  2.4

Action                   |  1- 3 |  4- 6 |  7- 9 || total
-------------------------+-------+-------+-------++-------
Melee: Dagger            |       |       |     8 ||     8
 Cast: Sandblast         |    23 |    71 |    41 ||   135
       Passwall          |       |     3 |       ||     3
       Petrify           |       |       |     1 ||     1
  Use: Scroll            |       |     7 |       ||     7
 Stab: Petrified         |       |       |     8 ||     8
  Eat: Chunk             |       |     4 |     2 ||     6
Armor: Robe              |     4 |     6 |     2 ||    12
Dodge: Dodged            |     5 |    20 |     9 ||    34
